 Dungeon Crawl Stone Soup version 0.32-a0-818-gb728d0252e (webtiles) character file.

Game seed: 9629346277220344548

129164 Pooter the Marksminotaur (level 16, -4/147 HPs)
             Began as a Minotaur Fighter on Mar 23, 2024.
             Was an Elder of Okawaru.
             Slain by a cyan ugly thing (14 damage)
             ... on level 15 of the Dungeon on Mar 25, 2024.
             The game lasted 02:41:17 (33149 turns).

Pooter the Marksminotaur (Minotaur Fighter)        Turns: 33149, Time: 02:41:19

Health: -4/147     AC: 23    Str: 31    XL:     16   Next: 50%
Magic:  22/22      EV: 15    Int:  7    God:    Okawaru [****..]
Gold:   177        SH:  0    Dex: 12    Spells: 15/15 levels left

rFire   + . .        a - +2 battleaxe (flame)
rCold   . . .        (shield currently unavailable)
rNeg    . . .        d - +4 plate armour {rF+}
rPois   .            V - +1 hat
rElec   .            (no cloak)
rCorr   .            (no gloves)
SInv    +            q - +1 pair of boots
Will    +....        Y - amulet of Akyasmotoone {^Fragile RegenMP+ Str+4 Dex+2} Stlth
                     z - ring of see invisible
HPRegen 0.44/turn    A - +5 ring of evasion
MPRegen 0.58/turn

%: no passive effects
@: heroic
A: horns 2, retaliatory headbutt
a: Renounce Religion, Heroism, Finesse


You were on level 15 of the Dungeon.
You worshipped Okawaru.
Okawaru was greatly pleased with you.
You visited 4 branches of the dungeon, and saw 23 of its levels.

You collected 1972 gold pieces.
You spent 1795 gold pieces at shops.

Inventory:

Hand Weapons
 a - a +2 battleaxe of flaming (weapon)
   (You took it off an orc knight on level 2 of the Orcish Mines)
 b - the +7 arbalest of the Silly God {heavy, rPois rN+ rCorr Int-4}
   (You found it on level 14 of the Dungeon)

   Int-4:     It affects your intelligence (-4).
   rPois:     It protects you from poison.
   rN+:       It protects you from negative energy.
   rCorr:     It protects you from acid and corrosion.
 c - a +2 heavy sling
   (You bought it in a shop on level 4 of the Dungeon)
 K - a +3 war axe of draining
   (You took it off Maggie on level 8 of the Dungeon)
 N - a +3 battleaxe of venom
   (You took it off Urug in the Arena)
 Z - a +1 battleaxe of electrocution
   (You took it off a skeletal warrior on level 14 of the Dungeon)
Missiles
 k - 13 curare-tipped darts
 p - 30 boomerangs (quivered)
 r - 6 javelins
 J - 3 silver javelins
 L - 2 datura-tipped darts
Armour
 d - a +4 plate armour of fire resistance (worn)
   (You took it off an orc warlord on level 2 of the Orcish Mines)
 q - a +1 pair of boots (worn)
   (You found it on level 3 of the Dungeon)
 s - a +4 chain mail of poison resistance
   (You took it off an orc warrior on level 1 of the Orcish Mines)
 B - a scarf of harm
   (You found it on level 10 of the Dungeon)
 V - a +1 hat (worn)
   (You found it on level 2 of the Lair of Beasts)
Jewellery
 z - a ring of see invisible (left hand)
   (You found it on level 13 of the Dungeon)
 A - a +5 ring of evasion (right hand)
   (You found it on level 5 of the Dungeon)
 C - a ring of resist corrosion
   (You found it on level 8 of the Dungeon)
 H - a ring of fire
   (You bought it in a shop on level 4 of the Dungeon)
 I - a +6 ring of dexterity
   (You found it on level 7 of the Dungeon)
 S - a ring of willpower
   (You took it off a hobgoblin on level 1 of the Dungeon)
 Y - the amulet of Akyasmotoone (around neck) {^Fragile RegenMP+ Str+4 Dex+2}
   (You found it on level 3 of the Lair of Beasts)

   [amulet of magic regeneration]

   It increases your rate of magic regeneration.
   Str+4:     It affects your strength (+4).
   Dex+2:     It affects your dexterity (+2).
   ^Fragile:  It will be destroyed if unequipped.
   RegenMP+:  It increases your rate of magic regeneration.
Wands
 l - a wand of mindburst (34)
   (You took it off Sonja on level 10 of the Dungeon)
 u - a wand of paralysis (11)
   (You found it on level 3 of the Dungeon)
 x - a wand of acid (11)
   (You found it on level 5 of the Lair of Beasts)
 y - a wand of polymorph (15)
   (You bought it in a shop on level 2 of the Orcish Mines)
 D - a wand of digging (11)
   (You found it on level 5 of the Dungeon)
 U - a wand of roots (14)
   (You found it on level 10 of the Dungeon)
Scrolls
 i - a scroll of identify {@r1}
 n - a scroll of revelation
 t - 8 scrolls of teleportation {@r4}
 v - 4 scrolls of poison {!r}
 w - 2 scrolls of blinking
 Q - 2 scrolls of noise {!r}
 T - 2 scrolls of fog
 W - a scroll of fear
 X - 2 scrolls of immolation {!r}
Potions
 e - 3 potions of enlightenment
 g - a potion of mutation {!q}
 h - 10 potions of curing {@q1}
 j - 9 potions of heal wounds {@q2}
 m - a potion of lignification {!q}
 o - a potion of resistance
 F - 2 potions of cancellation
 G - 2 potions of berserk rage
 M - 3 potions of attraction {!q}
 O - a potion of might
 P - a potion of haste {@q3}
 R - 2 potions of invisibility
Miscellaneous
 E - a lightning rod (4/4) {!a}
   (You found it on level 10 of the Dungeon)


   Skills:
 + Level 14.5(19.5) Fighting
 + Level 17.6(22.6) Axes
 - Level 18.0(23.0) Ranged Weapons
 - Level 2.2(7.2) Throwing
 + Level 7.7(12.7) Armour
 + Level 2.5(7.5) Dodging
 - Level 3.6(8.6) Shields
 + Level 9.5 Invocations
 + Level 8.0 Evocations


You had 15 spell levels left.
You didn't know any spells.
Your spell library contained the following spells:

 Spells                   Type           Power      Damage    Failure   Level
 Freeze                   Ice            0%         1d3       95%         1
 Magic Dart               Conj           0%         1d3       95%         1
 Blink                    Tloc           0%         N/A       99%         2
 Sublimation of Blood     Necr           0%         N/A       99%         2
 Frozen Ramparts          Ice            0%         1d1       100%        3
 Hailstorm                Conj/Ice       0%         3d5       100%        3
 Inner Flame              Hex/Fire       0%         N/A       100%        3
 Ozocubu's Armour         Ice            0%         N/A       100%        3
 Flame Wave               Conj/Fire      0%         2d4       100%        4
 Petrify                  Alch/Erth      0%         N/A       100%        4
 Sticky Flame             Fire/Alch      0%         2d4       100%        4
 Irradiate                Conj/Alch      0%         3d11      100%        5
 Metabolic Englaciation   Hex/Ice        0%         N/A       100%        5
 Borgnjor's Revivificati  Necr           0%         N/A       100%        8
 Death's Door             Necr           0%         N/A       100%        9
 Call Imp                 Summ           Unusable   N/A       N/A         2
 Haunt                    Necr/Summ      Unusable   N/A       N/A         7

Dungeon Overview and Level Annotations

Branches:
Dungeon (15/15) Zot: 26104  Temple (1/1) D:4 Zot: 5969    Lair (5/5) D:10 Zot: 22064
 Shoals (0/4) Lair:3       Spider (0/4) Lair:3        Slime (0/5) Lair:4
    Orc (2/2) D:9 Zot: 5814     Elf (0/3) Orc:2        Vaults (0/5) D:13
 Depths: D:15

Altars:
Ashenzari
Cheibriados
Dithmenos
Elyvilon
Fedhas
Gozag
Hepliaklqana
Kikubaaqudgha
Makhleb
Nemelex Xobeh
Okawaru
Qazlal
Ru
Sif Muna
Trog
Uskayaw
Vehumet
Wu Jian
Xom
Yredelemnul
Zin
The Shining One
Beogh
Jiyva
Lugonu

Shops:
D:4 :*[(!   D:5 :   D:7 :   D:10 !   Orc:2 (*=?:

Portals:
Hell: Lair:5

Annotations:
D:7 3 runed translucent doors, Biggs's ghost, novice CoHu; zenocrate's ghost, novice OpEE


Innate Abilities, Weirdness & Mutations

You have a pair of horns on your head.
You reflexively headbutt those who attack you in melee.


Message History

You closely miss the green ugly thing. You headbutt the green ugly thing.
You closely miss the cyan ugly thing.
You feel very sick.
The cyan ugly thing tentacle-slaps you but does no damage.
The green ugly thing closely misses you.
You closely miss the green ugly thing.
Your headbutt misses the green ugly thing.
You closely miss the cyan ugly thing.
You feel very sick. The cyan ugly thing closely misses you.
The green ugly thing kicks you but does no damage.
You closely miss the green ugly thing. You hit the cyan ugly thing.
You burn the cyan ugly thing.
You feel very sick. The cyan ugly thing tentacle-slaps you.
The cyan ugly thing shocks you!
* * * LOW HITPOINT WARNING * * *
The green ugly thing misses you.
You gain the combat prowess of a mighty hero.
You feel very sick. The cyan ugly thing tentacle-slaps you!
* * * LOW HITPOINT WARNING * * *
The cyan ugly thing shocks you!
* * * LOW HITPOINT WARNING * * *
The green ugly thing barely misses you. You furiously retaliate!
You headbutt the green ugly thing. You slice the green ugly thing!!
You burn the green ugly thing! You headbutt the green ugly thing!
You closely miss the cyan ugly thing.
You feel sick.
The cyan ugly thing tentacle-slaps you but does no damage.
You barely miss the green ugly thing. You headbutt the green ugly thing!
You hit the cyan ugly thing. You burn the cyan ugly thing.
You feel sick. The green ugly thing kicks you!
* * * LOW HITPOINT WARNING * * *
You barely miss the green ugly thing. You closely miss the cyan ugly thing.
You feel sick. The cyan ugly thing tentacle-slaps you!
* * * LOW HITPOINT WARNING * * *
The cyan ugly thing shocks you!
* * * LOW HITPOINT WARNING * * *
The green ugly thing kicks you but does no damage.
You open the green ugly thing like a pillowcase!!!
You burn the green ugly thing.
You kill the green ugly thing!
Okawaru accepts your kill.
You slash the cyan ugly thing! You burn the cyan ugly thing.
You feel sick.
The cyan ugly thing tentacle-slaps you but does no damage.
Unknown command.
You feel better. The cyan ugly thing tentacle-slaps you.
* * * LOW HITPOINT WARNING * * *
The cyan ugly thing shocks you!
You die...

#.#..#.#.....##
#.#...........##
#.#..#.##......#####
#.#................#
#.##.#.#........##.######
#......................).
######.#................)
#...u[..##.#########
###@...###.###
##.........# #..##.#.###
#..##.#.## #........#
#.#####.## #.#.....#
#.#.##### #...#


You could see a cyan ugly thing.

Vanquished Creatures
  Jorgrun (D:12)
  An orc warlord (Orc:2)
  Snorg (D:13)
  3 hydras
  Erolcha (Arena)
  2 catoblepae
  A boulder beetle (D:11)
  3 centaur warriors
  5 two-headed ogres
  A death knight (D:14)
  An orc high priest (Orc:2)
  10 death yaks
  Urug (Arena)
  Sonja (D:10)
  A sixfirhy (Lair:5)
  6 skeletal warriors (D:14)
  An arcanist (Lair:5)
  The ghost of DeathSocks the Skirmisher, a novice DEHs of Vehumet (D:8)
  7 orc knights
  A deep elf pyromancer (D:14)
  An obsidian bat (Orc:1)
  Pikel (D:8)
  3 orc sorcerers
  A wolf spider zombie (D:14)
  An oklob plant (Lair:5)
  2 manticores
  25 ugly things
  11 cyclopes
  4 elephants (Lair:3)
  A kobold blastminer (Orc:2)
  A merfolk siren (Lair:3)
  A smoke demon (Lair:5)
  4 black mambas
  5 centaur zombies (D:14)
  4 molten gargoyles
  4 orange demons (Lair:5)
  A torpor snail (Lair:3)
  A gargoyle (D:12)
  Maggie (D:8)
  5 cane toads
  12 komodo dragons
  3 rime drakes (Lair:5)
  2 freezing wraiths (D:14)
  An ice devil (Lair:5)
  3 merfolk (Lair:3)
  8 trolls
  3 polar bears
  8 saltlings (Orc:2)
  18 blink frogs
  2 raiju (D:10)
  A jumping spider (Lair:3)
  A culicivora (Lair:3)
  8 slime creatures
  3 wraiths
  2 wyverns
  A shadow (D:14)
  48 yaks
  2 water elementals (D:15)
  16 humans (D:13)
  2 wargs
  A steam dragon (Lair:1)
  5 basilisks
  14 vampire mosquitoes
  3 acid dragons
  5 hell hounds (Lair:5)
  28 water moccasins
  22 orc warriors
  2 sky beasts (D:8)
  A hornet zombie (D:14)
  5 boggarts (D:14)
  5 wolves
  3 ogres
  9 centaurs
  A lemure (D:8)
  4 kobold brigands
  3 gnoll sergeants
  8 bullfrogs
  2 scorpions
  7 wights
  4 howler monkeys
  7 electric eels
  3 bombardier beetles (D:5)
  11 orc priests
  3 sleepcaps
  A hound (D:5)
  A jelly (D:6)
  A gnoll bouda (D:6)
  3 iguanas
  A boggart zombie (D:14)
  18 orc wizards
  8 hell rats
  Robin (D:4)
  22 gnolls
  7 adders
  2 shadow imps (D:5)
  12 white imps (Orc:2)
  2 ufetubi (D:4)
  2 ribbon worms
  3 dart slugs (D:5)
  77 orcs
  6 endoplasms
  3 giant cockroaches
  20 goblins
  16 hobgoblins
  22 kobolds
  5 quokkas
  10 ball pythons
  4 bats
  3 frilled lizards
  3 goblin skeletons (D:5)
  3 goblin zombies (D:5)
  2 hobgoblin zombies (D:5)
  A kobold zombie (D:5)
  An orc zombie (D:5)
  9 rats
695 creatures vanquished.

Vanquished Creatures (others)
  Edmund (D:5)
  A howler monkey (D:5)
  An iguana (D:5)
  A gnoll (D:5)
  A dart slug (D:5)
  An orc (D:5)
6 creatures vanquished.

Grand Total: 701 creatures vanquished

Notes
Turn   | Place    | Note
-------+----------+-------------------------------------------
     0 | D:1      | Pooter the Minotaur Fighter began the quest for the Orb.
     0 | D:1      | Reached XP level 1. HP: 19/19 MP: 0/0
    99 | D:1      | Reached XP level 2. HP: 26/27 MP: 1/1
   250 | D:1      | Reached XP level 3. HP: 30/33 MP: 2/2
   540 | D:2      | Identified the +7 dagger of Gagedus {elec, rPois rCorr}
   871 | D:3      | Reached XP level 4. HP: 39/41 MP: 3/3
   897 | D:3      | Found a white marble altar of Elyvilon.
   944 | D:3      | Found a blossoming altar of Fedhas.
   966 | D:3      | Reached skill level 5 in Axes
  1505 | D:3      | Reached skill level 5 in Fighting
  1505 | D:3      | Reached XP level 5. HP: 48/48 MP: 4/4
  1746 | D:4      | Noticed an animated storm dragon scales
  1747 | D:4      | Found Ettaec's Armour Boutique.
  1757 | D:4      | Noticed Robin
  1758 | D:4      | Noticed an animated crystal plate armour
  1765 | D:4      | Killed Robin
  1945 | D:4      | Found Rafuzim's Book Boutique.
  2013 | D:4      | Found Weemi's Antique Weapon Shoppe.
  2019 | D:4      | Bought a glowing sling for 99 gold pieces
  2043 | D:4      | Reached skill level 1 in Ranged Weapons
  2231 | D:4      | Found Ahion's Distillery.
  2236 | D:4      | Bought a potion of invisibility for 96 gold pieces
  2236 | D:4      | Bought a potion of curing for 36 gold pieces
  2245 | D:4      | Noticed an orc warrior
  2255 | D:4      | Reached XP level 6. HP: 25/56 MP: 5/5
  2260 | D:4      | Killed an orc warrior
  2261 | D:4      | Reached skill level 2 in Ranged Weapons
  2405 | D:4      | Found a staircase to the Ecumenical Temple.
  2440 | Temple   | Entered the Ecumenical Temple
  2463 | Temple   | Became a worshipper of Warmaster Okawaru
  2499 | D:4      | Found Zungat's Assorted Antiques.
  2510 | D:4      | Identified the +2 scale mail of Axecigga {+Blink Int+3
                  | Dex+3}
  2891 | D:4      | Identified the +7 sling "Keotzolo" {flame, ^Drain rElec
                  | rPois Dex+5}
  3137 | D:5      | Entered Level 5 of the Dungeon
  3175 | D:5      | Found Kaizi's Book Shoppe.
  3269 | D:5      | Reached skill level 3 in Ranged Weapons
  3325 | D:4      | Bought a scroll labelled LOM FOSHUANE for 19 gold pieces
  3358 | D:5      | Noticed a water moccasin
  3370 | D:4      | Killed a water moccasin
  3371 | D:4      | Reached skill level 1 in Invocations
  3371 | D:4      | Reached XP level 7. HP: 19/62 MP: 6/6
  3722 | D:4      | Bought a bubbling dark potion for 17 gold pieces
  3722 | D:4      | Bought a scroll labelled UNESAI MADDUN for 19 gold pieces
  3773 | D:5      | Reached skill level 4 in Ranged Weapons
  3781 | D:5      | Reached * piety under Okawaru
  3922 | D:5      | Found a glowing golden altar of the Shining One.
  3971 | D:5      | Found a broken altar of Ashenzari.
  4029 | D:5      | Found a burning altar of Makhleb.
  4029 | D:5      | Noticed an Executioner
  4116 | D:5      | Found a bloodstained altar of Trog.
  4199 | D:5      | Noticed Edmund
  4201 | D:5      | Killed Edmund
  4704 | D:5      | Found a shimmering altar of Xom.
  4792 | D:5      | Reached XP level 8. HP: 53/70 MP: 8/8
  5178 | D:6      | Reached skill level 5 in Ranged Weapons
  5217 | D:6      | Reached ** piety under Okawaru
  5336 | D:4      | Bought a clear potion for 17 gold pieces
  5381 | D:6      | Reached skill level 1 in Evocations
  5394 | D:6      | Reached skill level 6 in Ranged Weapons
  5588 | D:4      | Bought a coral ring for 95 gold pieces
  5836 | D:6      | Found an opulent altar of Gozag.
  5954 | D:7      | Reached XP level 9. HP: 59/79 MP: 7/10
  6253 | D:4      | Bought a scroll of identify for 38 gold pieces
  6353 | D:7      | Found Soeclare's Book Emporium.
  6663 | D:7      | Found a runed translucent gate.
  6663 | D:7      | Found a runed translucent gate.
  6663 | D:7      | Found a runed translucent gate.
  6663 | D:7      | Noticed Biggs's ghost (novice CoHu)
  6663 | D:7      | Noticed zenocrate's ghost (novice OpEE)
  6849 | D:8      | Noticed Pikel
  6856 | D:8      | Killed Pikel
  6857 | D:8      | Reached skill level 7 in Ranged Weapons
  6903 | D:8      | Reached skill level 10 in Axes
  6911 | D:8      | Reached *** piety under Okawaru
  7043 | D:8      | Reached skill level 8 in Ranged Weapons
  7111 | D:8      | Noticed Maggie
  7112 | D:8      | Paralysed by Maggie for 5 turns
  7123 | D:8      | Killed Maggie
  7124 | D:8      | Reached XP level 10. HP: 69/88 MP: 10/12
  7358 | D:8      | Noticed DeathSocks's ghost (novice DEHs)
  7386 | D:8      | Found a large runed translucent door.
  7386 | D:8      | Found a large runed translucent door.
  7635 | D:8      | Killed DeathSocks's ghost
  7635 | D:8      | Reached **** piety under Okawaru
  7636 | D:8      | Reached skill level 5 in Invocations
  8079 | D:9      | Noticed a manticore
  8104 | D:9      | Killed a manticore
  8180 | D:9      | Noticed a two-headed ogre
  8191 | D:9      | Killed a two-headed ogre
  8192 | D:9      | Reached skill level 9 in Ranged Weapons
  8404 | D:9      | Found an ornate altar of the Wu Jian Council.
  8640 | D:4      | Bought 2 potions of invisibility for 192 gold pieces
  8781 | D:9      | Found a staircase to the Orcish Mines.
  9273 | Orc:1    | Entered Level 1 of the Orcish Mines
  9427 | Orc:1    | Noticed a cyclops
  9439 | Orc:1    | Killed a cyclops
  9528 | Orc:1    | Noticed an orc sorcerer
  9910 | Orc:1    | Noticed an obsidian bat
  9921 | Orc:1    | Paralysed by an orc sorcerer for 4 turns
 10243 | Orc:1    | Killed an obsidian bat
 10244 | Orc:1    | Reached XP level 11. HP: 91/97 MP: 12/14
 10580 | Orc:1    | Noticed an orc knight
 10698 | D:9      | Killed an orc knight
 10770 | Orc:1    | Killed an orc sorcerer
 10771 | Orc:1    | Reached skill level 10 in Ranged Weapons
 10780 | Orc:1    | You fall into a shaft and drop 1 floor!
 10780 | Orc:2    | Entered Level 2 of the Orcish Mines
 11565 | Orc:2    | Noticed an orc knight
 11631 | Orc:1    | Killed an orc knight
 11763 | Orc:2    | Found a burning altar of Makhleb.
 12013 | Orc:2    | Found Heteof's Vocational Training.
 12053 | Orc:2    | Reached skill level 5 in Evocations
 12142 | Orc:2    | Found a staircase to the Elven Halls.
 13921 | Orc:2    | Noticed an orc knight
 13921 | Orc:2    | Noticed an orc knight
 13998 | Orc:2    | Killed an orc knight
 14008 | Orc:2    | Killed an orc knight
 14369 | Orc:2    | Reached skill level 10 in Fighting
 14422 | Orc:2    | Found Pyhot's Weapon Shoppe.
 14422 | Orc:2    | Noticed an orc sorcerer
 14422 | Orc:2    | Noticed an orc warlord
 14427 | Orc:2    | Killed an orc sorcerer
 14428 | Orc:2    | Reached skill level 11 in Ranged Weapons
 14435 | Orc:2    | Noticed an orc knight
 14441 | Orc:2    | Noticed an orc sorcerer
 14452 | Orc:2    | Killed an orc knight
 14456 | Orc:2    | Killed an orc sorcerer
 14461 | Orc:2    | Killed an orc warlord
 14461 | Orc:2    | Reached ***** piety under Okawaru
 14462 | Orc:2    | Reached XP level 12. HP: 34/107 MP: 16/16
 14517 | Orc:2    | Noticed a two-headed ogre
 14533 | Orc:2    | Noticed an orc high priest
 15086 | Orc:2    | Killed an orc high priest
 15131 | Orc:2    | Killed a two-headed ogre
 15469 | Orc:2    | Found Qumigaif's Jewellery Shoppe.
 15470 | Orc:2    | Found a roughly hewn altar of Beogh.
 15471 | Orc:2    | Found Ecwurgh Zosi's General Store.
 15477 | Orc:2    | Bought a scroll of enchant armour for 90 gold pieces
 15477 | Orc:2    | Bought a potion of haste for 120 gold pieces
 15477 | Orc:2    | Bought a wand of polymorph (3) for 50 gold pieces
 15498 | Orc:2    | Found Wink's Magic Scroll Boutique.
 15530 | Orc:2    | Bought a scroll of revelation for 135 gold pieces
 15703 | D:4      | Bought a potion of cancellation for 96 gold pieces
 15832 | D:10     | Entered Level 10 of the Dungeon
 15832 | D:10     | Found Wuraisits's Distillery.
 16041 | D:10     | Found a staircase to the Lair.
 16068 | D:10     | Noticed Sonja
 16080 | D:10     | Killed Sonja
 16156 | D:10     | Reached skill level 12 in Ranged Weapons
 16431 | D:10     | Found an ancient bone altar of Kikubaaqudgha.
 16617 | Orc:2    | Bought 2 datura-tipped darts for 28 gold pieces
 17537 | Lair:1   | Entered Level 1 of the Lair of Beasts
 18093 | Lair:1   | Received a gift from Okawaru
 18275 | Arena    | Entered the Arena
 18305 | Lair:1   | Reached skill level 5 in Armour
 18595 | Lair:1   | Reached XP level 13. HP: 94/116 MP: 18/18
 18743 | Lair:1   | Found a snail-covered altar of Cheibriados.
 19937 | Lair:2   | Reached skill level 15 in Axes
 20314 | Lair:2   | You fall into a shaft and drop 1 floor!
 20330 | Lair:3   | Reached skill level 13 in Ranged Weapons
 20464 | Lair:3   | Found a hole to the Spider Nest.
 21290 | Lair:3   | Found a staircase to the Shoals.
 21763 | Lair:3   | Found a runed translucent door.
 21784 | Lair:3   | Identified the amulet of Akyasmotoone {^Fragile RegenMP+
                  | Str+4 Dex+2}
 22618 | Lair:4   | Found a viscous altar of Jiyva.
 22620 | Lair:4   | Found a staircase to the Slime Pits.
 23020 | Lair:5   | Entered Level 5 of the Lair of Beasts
 23875 | Lair:5   | Reached skill level 14 in Ranged Weapons
 23875 | Lair:5   | Reached XP level 14. HP: 104/126 MP: 19/19
 24312 | Lair:5   | Reached skill level 1 in Dodging
 24394 | Lair:5   | Reached skill level 1 in Throwing
 25058 | Lair:5   | Found a burning altar of Makhleb.
 25078 | Lair:5   | Received a gift from Okawaru
 25188 | Lair:5   | Found a gateway to Hell.
 25934 | D:11     | You fall into a shaft and drop 3 floors!
 26282 | D:14     | Identified the +7 arbalest of the Silly God {heavy, rPois
                  | rN+ rCorr Int-4}
 26419 | D:13     | Noticed Erolcha
 26620 | Arena    | Entered the Arena
 26626 | Arena    | Killed Erolcha
 26710 | D:13     | Reached skill level 15 in Ranged Weapons
 26712 | D:13     | Noticed Urug
 26715 | D:13     | Paralysed by Urug for 4 turns
 26720 | Arena    | Entered the Arena
 26724 | Arena    | Killed Urug
 26970 | D:13     | Found a gate to the Vaults.
 26978 | D:12     | Noticed Snorg
 26998 | D:13     | Killed Snorg
 27277 | D:12     | Noticed Jorgrun
 27486 | D:12     | Killed Jorgrun
 28055 | D:11     | Reached XP level 15. HP: 136/136 MP: 21/21
 28063 | D:11     | Identified the +4 orcbow "Hellolymm" {heavy, rN+ Stlth+}
 28194 | D:4      | Bought a potion of experience for 600 gold pieces
 28194 | D:4      | Bought a potion of might for 48 gold pieces
 28194 | D:4      | Reached skill level 16 in Ranged Weapons
 28194 | D:4      | Reached XP level 16. HP: 144/144 MP: 22/22
 29240 | D:13     | Found a corrupted altar of Lugonu.
 29257 | D:13     | Reached skill level 17 in Ranged Weapons
 32259 | D:15     | Entered Level 15 of the Dungeon
 32469 | D:15     | Found a shadowy altar of Dithmenos.
 32592 | D:15     | Found a broken altar of Ashenzari.
 32959 | D:15     | Identified the +0 robe of Noon {-Cast rPois rC- Str+6}
 33000 | D:15     | Reached skill level 18 in Ranged Weapons
 33149 | D:15     | Slain by a cyan ugly thing

Illustrated notes

Levels and vault maps discovered:
D:1:      mainiacjoe_arrival_oval_in_oval, layout_rooms
D:2:      layout_basic
D:3:      layout_loops_ring, mainiacjoe_overflow_alcove_4, lemuel_crystal_altar,
          minmay_fractal_squares_gapless_5
D:4:      layout_basic, minmay_temple_entry_tees, serial_shops,
          nicolae_shop_mannequins, nicolae_shop_waterfront, shop,
          nicolae_shop_hallway_plus, nicolae_shop_rolling_square,
          chequers_serial_rivers_micro_c, uniq_robin
D:5:      layout_cave_pools, xom_confusion_cloud, kennysheep_little_box,
          trog_hazing_becter, nicolae_tso_besieged_by_evil,
          makhleb_altar_promises_db, serial_shops, shop, grunt_tough_drop,
          uniq_edmund
D:6:      layout_rooms, marbit_many_paths
D:7:      layout_basic, gammafunk_ghost_cemetery, serial_shops, shop
D:8:      layout_loops_ring, ebering_ghost_disaster_area, uniq_pikel,
          uniq_maggie
D:9:      layout_layer_cave, nicolae_wu_jian_glorious_leap, orc_0_dummy
D:10:     layout_basic, old_standard_altar, lair_entry_dummy, serial_shops,
          shop, nicolae_have_a_lightning_rod, uniq_sonja
D:11:     layout_basic
D:12:     layout_cave_pools, uniq_snorg, uniq_jorgrun
D:13:     layout_cross, david_vaults_3, tgw_lugonu_bribe, uniq_erolcha
D:14:     layout_stronghold, serial_undead, serial_undead_a, serial_undead_f,
          serial_undead_e, serial_undead_c, corexii_corridor_pit, minivault_8
D:15:     grunt_enter_depths_hoard, layout_basic, nicolae_ashenzari_panopticon,
          nicolae_dithmenos_the_darkroom
Temple:   nicolae_temple_x_marks_the_god
Lair:1:   layout_cave_shapes, basic_altar, st_stairs_4, beast_lair_carwin_6
Lair:2:   layout_cellular_growth
Lair:3:   layout_gridlike, elwin_shoals_entry_stream,
          spider_nest_entry_funnel_web, pf_torpor_hydra
Lair:4:   layout_concentric_octagons, dpeg_slime_entry_enclosed,
          nicolae_quartered_pool_medium
Lair:5:   evil_forest, layout_loops_ring
Orc:1:    layout_caves
Orc:2:    hellmonk_orc_salted, layout_diamond_mine, basic_altar,
          portal_ice_cave_entry_imps, nicolae_shop_vocational

Skill      XL: |  1  2  3  4  5  6  7  8  9 10 11 12 13 14 15 16 |
---------------+-------------------------------------------------+-----
Axes           | 3 4 5 6 7 9 10 11 13 14 16 17 | 17.6
Fighting       | 4 5 6 7 8 9 10 11 12 13 14 | 14.5
Ranged Weapons | 1 3 4 6 8 9 11 12 14 15 16 18 | 18.0
Invocations    | 1 2 3 4 5 7 8 9 |  9.5
Evocations     | 1 3 4 5 6 7 8 |  8.0
Armour         | 5 6 7 |  7.7
Dodging        | 2 |  2.5
Throwing       | 2 |  2.2
Shields        | |  3.6

Action                     |  1- 3 |  4- 6 |  7- 9 | 10-12 | 13-15 | 16-18 || total
---------------------------+-------+-------+-------+-------+-------+-------++-------
  Melee: War axe           |    69 |   129 |   177 |   404 |   331 |       ||  1110
         Headbutt          |     8 |    15 |    28 |    92 |   155 |    43 ||   341
         Broad axe         |       |       |       |    15 |   279 |    54 ||   348
         Battleaxe         |       |       |       |       |       |    86 ||    86
   Fire: Sling             |       |    28 |   103 |   144 |    62 |       ||   337
         Arbalest          |       |       |       |       |    20 |   109 ||   129
  Throw: Dart              |       |       |     1 |     1 |       |       ||     2
         Boomerang         |       |       |       |    18 |    39 |     1 ||    58
 Invoke: Heroism           |       |       |     8 |    25 |    24 |     9 ||    66
         Finesse           |       |       |       |     1 |     4 |       ||     5
         Duel              |       |       |       |     1 |     2 |       ||     3
  Evoke: Wand              |       |       |       |    25 |    10 |     5 ||    40
    Use: Scroll            |       |     4 |    11 |    12 |    11 |     4 ||    42
         Potion            |       |     2 |       |     4 |     3 |     1 ||    10
   Stab: Invisible         |       |     1 |       |     5 |       |       ||     6
         Paralysed         |       |       |       |    33 |     8 |       ||    41
         Distracted        |       |       |       |       |     1 |       ||     1
 Armour: Scale mail        |    53 |    96 |    94 |       |       |       ||   243
         Swamp dragon scal |       |       |       |   109 |       |       ||   109
         Chain mail        |       |       |       |   133 |   271 |       ||   404
         Plate armour      |       |       |       |    63 |   131 |   179 ||   373
  Dodge: Dodged            |    27 |    49 |    94 |   249 |   290 |   127 ||   836
  Block: Buckler           |     9 |    20 |       |       |       |       ||    29
         Kite shield       |       |    16 |    86 |   202 |   180 |       ||   484

Table legend: (Time is in decaauts)
 A = Elapsed time spent in this place.
 B = Non-inter-level travel time spent in this place.
 C = Inter-level travel time spent in this place.
 D = Time resting spent in this place.
 E = Time spent auto-exploring this place.
 F = Levels seen in this place.
 G = Mean time per level.
                   A        B        C        D        E       F      G
               +--------+--------+--------+--------+--------+-----+--------+
         Total |  33328 |  31115 |   2213 |  12574 |  12704 |  26 | 1281.8 |
       Dungeon |  19115 |  17388 |   1727 |   5826 |   8381 |  15 | 1274.3 |
        Temple |     30 |     30 |      0 |      0 |      0 |   1 |   30.0 |
          Lair |   7935 |   7814 |    121 |   2925 |   3620 |   5 | 1587.0 |
  Orcish Mines |   6185 |   5822 |    363 |   3788 |    702 |   2 | 3092.5 |
         Arena |     61 |     61 |      0 |     34 |      0 |   3 |   20.3 |
               +--------+--------+--------+--------+--------+-----+--------+

Top non-repeatable levels by time:
   Orc:2: 4397 daAuts
    D:14: 3037 daAuts
  Lair:5: 2372 daAuts
     D:9: 2164 daAuts
     D:4: 2082 daAuts
     D:5: 1928 daAuts
   Orc:1: 1787 daAuts
    D:10: 1669 daAuts
  Lair:2: 1601 daAuts
    D:13: 1407 daAuts
  Lair:3: 1384 daAuts
  Lair:4: 1321 daAuts
  Lair:1: 1256 daAuts
     D:8: 1147 daAuts
     D:3: 864 daAuts
